BreadTh, neutral male human Tourist ------ |....| ------------ |....| |..........| |....| #......<....| #......# #--.--------- #------# ##g### ## # # # # ------- % # ######.......### # # # |.....| ######### # -------# ##.^....| ### ---.---# |.....|# |.....| # |.....|# |....+|# ------- ##..%...|# |.%...-# |......# |.....| -----.- ------- # BreadTh the Peregrinator Experience level: 10 Strength: 18 Dexterity: 14 Constitution: 18 Intelligence: 12 Wisdom: 10 Charisma: 15 Health: 0(94) Energy: 47(47) Def: 13 Gold: 1073 Moves: 15889 Dungeon seed: XpE0lNgXcMvz60WB Game ID: BreadTh_1510050801 Your Inventory: Coins $ - 1073 gold pieces Amulets j - an uncursed amulet versus poison (being worn) Weapons h - 5 uncursed +0 daggers s - an uncursed +0 long sword (weapon in hand) M - the blessed +1 Sting Armor n - a blessed +0 helmet (being worn) y - an uncursed +0 pair of gauntlets of dexterity (being worn) E - a blessed +1 cloak of invisibility (being worn) L - an uncursed rusty +2 dwarvish roundshield (being worn) T - an uncursed +0 pair of speed boots (being worn) Y - an uncursed +0 elven mithril-coat (being worn) Scrolls k - an uncursed scroll of enchant armor m - an uncursed scroll of remove curse Rings S - an uncursed ring of poison resistance (on left hand) Tools i - a cursed magic lamp (lit) l - an uncursed credit card o - a blessed tallow candle (0:200) w - an uncursed +0 unicorn horn H - an uncursed bag of holding named carry I - an uncursed towel O - an uncursed expensive camera (0:81) Gems W - an uncursed luckstone Contents of the bag of holding named carry: 3 uncursed C-rations an uncursed banana 3 uncursed eggs an uncursed pancake an uncursed pear an uncursed ring of conflict an uncursed +0 pick-axe Spells and supernatural/magical abilities: Name Level Category Fail Memory W - pray for help -- divine ? -- Your skills at the end: Fighting Skills Weapon Skills dagger [Expert] long sword [Basic] dart [Skilled] Spellcasting Skills Final Attributes: You were piously aligned. You were fire resistant. You were cold resistant. You were sleep resistant. You were poison resistant. You were telepathic. You had automatic searching. You were invisible. You were very fast. You were extremely lucky. You had extra luck. Bad luck did not time out for you. Good luck did not time out for you. You are dead. Vanquished creatures: a winged gargoyle 3 giant mimics a flesh golem a large mimic a warg a winter wolf 5 small mimics a glass piercer a xan a wood golem a gelatinous cube a pyrolisk 2 freezing spheres a large cat a tiger a dwarf king a tengu an ochre jelly 2 leocrottas a stone giant a red naga a carnivorous ape an ettin zombie a leather golem 3 soldiers 3 incubi 2 chameleons 2 quivering blobs 5 wolves 2 lynxes a spotted jelly 2 leprechauns 2 orc-captains 2 mumakil 2 giant spiders an ice vortex a vampire bat a forest centaur 5 gnome kings 2 orc mummies a dwarf mummy a rust monster 2 gold golems 3 lizards 3 dogs 2 jaguars 4 dwarf lords 2 blue jellies 3 white unicorns a dust vortex 3 gnome mummies 4 apes 6 human zombies 3 soldier ants 2 bugbears an imp 2 quasits a wood nymph a water nymph 2 mountain nymphs 10 Uruk-hai an orc shaman 5 rock piercers a rock mole a pony 2 fog clouds 8 yellow lights 2 shriekers a violet fungus 15 gnome lords 7 gnomish wizards 2 kobold mummies a guardian naga hatchling 3 gray oozes 5 elf zombies 2 ghouls 2 straw golems 2 paper golems a baby crocodile 8 giant ants a little dog 7 floating eyes 18 dwarves 3 homunculi 3 kobold lords 3 hill orcs 14 rothes a rabid rat 2 giant bats 4 monkeys 4 orc zombies 6 dwarf zombies a wererat 3 werejackals 8 iguanas 2 killer bees 3 acid blobs 2 gas spores 10 hobbits 11 manes 4 large kobolds 3 giant rats a cave spider 3 brown molds 3 yellow molds 2 green molds 3 red molds 73 gnomes 4 garter snakes 3 gnome zombies 6 geckos 10 jackals 4 foxes 4 kobolds 6 goblins 7 sewer rats 18 grid bugs 3 bats 4 lichens 3 kobold zombies 10 newts 474 creatures vanquished. Voluntary challenges: You had been an atheist until turn 7603. You used a wielded weapon 1171 times, starting on turn 1944. You read items or engraved 16 times, starting on turn 3548. You never genocided any monsters. You never polymorphed an object. You changed form 1 time, starting on turn 10295. You used no wishes. You never split a pudding. You wrote Elbereth's name 8 times, starting on turn 5480. You violated your moral code, losing 28 points of alignment, starting on turn 5030. Dungeon overview: The Dungeons of Doom: levels 1 to 13 Level 1 a sink a long staircase Level 2 Level 3 an armor shop, a fountain Level 4 an armor shop stairs to The Gnomish Mines Level 5 a weapon shop Level 6 a fountain Level 7 a fountain, a sink Level 8 many fountains Level 9 an altar to The Lady, a fountain stairs to Sokoban Level 10 Level 11 a fountain Level 12 a fountain Level 13 <- You were here a scroll shop The Gnomish Mines: levels 5 to 12 Level 5 stairs to The Dungeons of Doom Level 6 Level 7 Level 8 many shops, a temple to The Lady, some fountains, a sink Level 9 Level 10 Level 11 Level 12 a fountain Sokoban: levels 5 to 8 Level 5 Level 6 Level 7 Level 8 stairs to The Dungeons of Doom History has recorded: On T:1 you entered the Dungeons of Doom to retrieve the Amulet of Yendor! On T:487 you reached level 2 of The Dungeons of Doom. On T:862 you advanced to experience level 2. On T:1040 you reached level 3 of The Dungeons of Doom. On T:2047 you reached level 4 of The Dungeons of Doom. On T:2428 you advanced to experience level 3. On T:2799 you reached level 5 of The Dungeons of Doom. On T:2933 you advanced to experience level 4. On T:3053 you reached level 6 of The Dungeons of Doom. On T:3516 you advanced to experience level 5. On T:3579 you reached level 7 of The Dungeons of Doom. On T:3769 you reached level 8 of The Dungeons of Doom. On T:4085 you reached level 9 of The Dungeons of Doom. On T:4261 you reached level 10 of The Dungeons of Doom. On T:4329 you advanced to experience level 6. On T:4607 you advanced to experience level 7. On T:5193 you reached level 11 of The Dungeons of Doom. On T:5279 you reached level 1 of The Gnomish Mines. On T:5768 you reached level 2 of The Gnomish Mines. On T:6127 you reached level 3 of The Gnomish Mines. On T:6131 you advanced to experience level 8. On T:6376 you reached level 5 of The Gnomish Mines. On T:6697 you reached level 6 of The Gnomish Mines. On T:7479 you reached level 4 of The Gnomish Mines. On T:8272 you advanced to experience level 9. On T:9657 you reached level 7 of The Gnomish Mines. On T:10088 you reached level 8 of The Gnomish Mines. On T:11932 you advanced to experience level 10. On T:12578 you reached level 4 of Sokoban. On T:12828 you reached level 3 of Sokoban. On T:13413 you reached level 2 of Sokoban. On T:13656 you reached level 1 of Sokoban. On T:15433 you reached level 12 of The Dungeons of Doom. On T:15742 you reached level 13 of The Dungeons of Doom. Score breakdown: Gold: 288 ( 8371 points) Experience: 10 levels (16712 points) Exploration: 13 levels ( 27.08%) (15158 points) Discoveries: 26 items ( 8.72%) ( 8861 points) Valuables value: (no points given unless you survive) Artifact value: 800 ( 9877 points) Variety of kills: 121 monsters ( 31.76%) (16906 points) Turncount: 15889 turns (-3062 points) Survival: died (score multiplied by 80%) Total score: 58258 Latest messages: The winged gargoyle bites! You hit it. (2x) The winged gargoyle reads a scroll of create monster! You kill the winged gargoyle! Suddenly you cannot see yourself. You hit it. (4x) You kill the rock piercer! You see here a rock piercer corpse. This rock piercer corpse tastes terrible! You stop eating. You miss it. The winged gargoyle misses. The winged gargoyle hits! The winged gargoyle misses. You hit it. (2x) The winged gargoyle misses. The winged gargoyle hits! The winged gargoyle bites! You hit it. (2x) The winged gargoyle hits! (2x) The winged gargoyle bites! The winged gargoyle hits! The winged gargoyle misses. The winged gargoyle bites! You die... Final status: Aloha BreadTh the Tourist, killed by a winged gargoyle... You died in The Dungeons of Doom on dungeon level 13 with 58258 points, and 1073 pieces of gold, after 15889 moves. You were level 10 with a maximum of 94 hit points when you died.